 Dungeon Crawl Stone Soup version 0.21.1-1-g345015f (webtiles) character file.

9106 Harpaggios the Blocker (level 11, -46/69 HPs)
             Began as a Barachi Fighter on July 2, 2018.
             Was a Priest of Wu Jian.
             Killed from afar by a Hell Sentinel (64 damage)
             ... with an iron shot
             ... on level 2 of the Abyss on July 4, 2018.
             The game lasted 01:30:09 (9017 turns).

Harpaggios the Blocker (Barachi Fighter)            Turns: 9017, Time: 01:30:10

Health: -46/69     AC: 11    Str: 20      XL:     11   Next: 41%
Magic:  11/11      EV: 15    Int:  8      God:    Wu Jian [***...]
Gold:   699        SH: 14    Dex: 12 (13) Spells: 10/10 levels left

rFire    . . .     SeeInvis .   e - +5 falchion (elec)
rCold    . . .     Gourm    .   q - +3 shield
rNeg     . . .     Faith    .   b - +0 scale mail
rPois    +         Spirit   .   m - +0 helmet
rElec    .         Reflect  .   n - +1 cloak
rCorr    +         Harm     .   u - +0 pair of gloves {archery}
MR       .....                  (no boots)
Stlth    +.........             (no amulet)
HPRegen  0.21/turn              c - ring of resist corrosion
MPRegen  0.12/turn              w - ring of stealth

@: about to teleport, can't hop, slow
A: +LOS, swims, repulsion field 1, [deformed body], [deterioration 2], [frail
2], poison resistance, shaggy fur 1, slowness 1, strong legs 1
a: Hop, Wall Jump, Serpent's Lash, Renounce Religion


You were on level 2 of the Abyss.
You worshipped Wu Jian.
Wu Jian was most pleased with you.
You were hungry.

You visited 1 branch of the dungeon, and saw 10 of its levels.
You visited the Abyss 1 time.

You collected 814 gold pieces.
You spent 115 gold pieces at shops.

Inventory:

Hand Weapons
 e - a +5 falchion of electrocution (weapon)
 g - a +2 hand crossbow of freezing
Missiles
 i - 50 bolts (quivered)
Armour
 b - a +0 scale mail (worn)
 m - a +0 helmet (worn)
 n - a +1 cloak (worn)
 q - a +3 shield (worn)
 u - a +0 pair of gloves of archery (worn)
Jewellery
 c - a ring of resist corrosion (left hand)
 w - a ring of stealth (right hand)
Wands
 a - a wand of digging (36)
 r - a wand of enslavement (32)
 s - a wand of disintegration (10)
Scrolls
 h - 4 scrolls of remove curse
 k - a scroll of immolation
 l - a scroll of amnesia
 t - 2 scrolls of identify
 v - a scroll of teleportation
Potions
 d - 3 potions of might
 j - 2 potions of brilliance
 o - a potion of mutation
 z - a potion of haste
 A - a potion of curing
Books
 p - a book of Changes

   Spells                             Type                      Level
   a - Beastly Appendage              Transmutation                1
   b - Sticks to Snakes               Transmutation                2
   c - Spider Form                    Transmutation/Poison         3
   d - Ice Form                       Ice/Transmutation            4
   e - Blade Hands                    Transmutation                5
Comestibles
 f - 21 rations


   Skills:
 + Level 8.8 Fighting
 + Level 8.9 Long Blades
 + Level 5.4 Crossbows
 * Level 9.2 Armour
 + Level 9.1 Dodging
 * Level 9.3 Shields


You had 10 spell levels left.
You didn't know any spells.

Dungeon Overview and Level Annotations

Branches:
Dungeon (10/15)            Temple (0/1) D:6            Lair (0/6) D:8
    Orc (0/2) D:9

Altars:
Gozag
Kikubaaqudgha
Makhleb
Nemelex Xobeh
Okawaru
Sif Muna
Trog
Vehumet
Wu Jian

Shops:
D:6 %   D:7 [

Annotations:
D:10 Erolcha


Innate Abilities, Weirdness & Mutations

Shadows flee at your approach. (+LOS)
You can swim through water.
You cover ground slowly.
You can hop short distances.
You are surrounded by a mild repulsion field. (EV +2)
Your system is resistant to poisons. (rPois)
You are covered in fur. (AC +1)
[Armour fits poorly on your strangely shaped body.]
[Your body often deteriorates upon taking damage.]
[You are very frail. (-20% HP)]


Message History

You block the quasit's attack. The quasit misses you.
You block the quasit's attack.
Okay, then.
As you read the scroll of teleportation, it crumbles to dust.
You feel strangely unstable.
You feel the power of the Abyss delaying your translocation!
The quasit bites you but does no damage.
You block the quasit's attack. x2
You block the quasit's attack.
The quasit claws you but does no damage.
You block the quasit's attack.
You slash the quasit! Lightning courses through the quasit!
You kill the quasit!
The Council accepts your kill.
You hit the Hell Sentinel.
The Hell Sentinel is lightly wounded.
The Hell Sentinel gestures at you. The iron shot hits you!
Ouch! That really hurt!
You die...

# ## .##. .#
... ... .#..
.x .
####...#####
#.@##..$... .
###1##.3.###..
#..x.1.......#
######xx.#####
# ### ##* #≈
#. .. ..##.
###
#.######.##
§§. # # ##
§§..# #z* §§ .
#


You could see a Hell Sentinel and a small abomination.

Vanquished Creatures
  2 two-headed ogres
  A thrashing horror (Abyss:2)
  The ghost of n0claF the Geomancer, a novice DrEE (D:6)
  Maurice (D:10)
  The ghost of lotte the Thaumaturge, a novice DEIE of Vehumet (D:7)
  The ghost of Merlin the Cudgeler, a novice DsCK of Xom (D:5)
  The ghost of Rwicked the Skirmisher, an amateur GnWn (D:4)
  A hippogriff (D:9)
  A spriggan (D:8)
  A wyvern (D:9)
  2 humans (D:9)
  3 large abominations (Abyss:2)
  2 hungry ghosts (D:9)
  2 hell hounds (D:8)
  2 sky beasts
  An orc warrior (D:8)
  2 ice beasts
  2 phantoms
  2 centaurs
  2 ogres
  A big kobold (D:10)
  5 bullfrogs
  A gnoll sergeant (D:6)
  A small abomination (Abyss:2)
  8 wights
  2 bullfrog zombies
  4 howler monkeys
  5 crimson imps
  2 quasits
  2 hounds
  A gnoll shaman (D:4)
  2 jellies
  8 orc priests
  2 bullfrog skeletons (D:7)
  2 centaur skeletons
  9 orc wizards
  Terence (D:3)
  3 worker ants
  6 ogre zombies (D:9)
  A worker ant zombie (D:7)
  10 gnolls
  15 adders
  An adder skeleton (D:7)
  A worm (D:3)
  The ghost of dscm the Chopper, a weakling DsGl of Dithmenos (D:3)
  2 dart slugs
  7 leopard geckos
  27 orcs
  5 bats
  2 giant cockroaches
  13 goblins
  9 hobgoblins
  8 jackals
  6 kobolds
  4 quokkas
  3 frilled lizards
  A giant cockroach zombie (D:5)
  A goblin skeleton (D:9)
  2 goblin zombies (D:9)
  A hobgoblin zombie (D:9)
  2 orc skeletons (D:9)
  13 orc zombies (D:9)
  2 quokka zombies (D:5)
  7 rats
240 creatures vanquished.

Vanquished Creatures (others)
  A small abomination (Abyss:2)
1 creature vanquished.

Grand Total: 241 creatures vanquished

Notes
Turn   | Place    | Note
-------+----------+-------------------------------------------
     0 | D:1      | Harpaggios the Barachi Fighter began the quest for the Orb.
     0 | D:1      | Reached XP level 1. HP: 18/18 MP: 1/1
   246 | D:1      | Reached XP level 2. HP: 25/25 MP: 2/2
   248 | D:1      | Reached skill level 1 in Dodging
   788 | D:2      | Reached XP level 3. HP: 9/30 MP: 3/3
  1204 | D:2      | Reached XP level 4. HP: 35/37 MP: 4/4
  1823 | D:3      | Noticed dscm's ghost (weakling DsGl)
  1839 | D:3      | Killed dscm's ghost
  1962 | D:3      | Reached XP level 5. HP: 42/42 MP: 5/5
  1979 | D:3      | Noticed Terence
  2021 | D:3      | HP: 2/43 [Terence/falchion of electrocution (19)]
  2029 | D:3      | Killed Terence
  2371 | D:3      | Reached XP level 6. HP: 48/49 MP: 6/6
  2518 | D:3      | Found a sparkling altar of Nemelex Xobeh.
  2931 | D:3      | Gained mutation: You are surrounded by a mild repulsion field. (EV +2) [potion of mutation]
  2931 | D:3      | Gained mutation: Your system is resistant to poisons. (rPois) [potion of mutation]
  2931 | D:3      | Gained mutation: You are covered in fur. (AC +1) [potion of mutation]
  3090 | D:4      | Noticed Rwicked's ghost (amateur GnWn)
  3108 | D:4      | Killed Rwicked's ghost
  3108 | D:4      | Reached skill level 5 in Fighting
  3108 | D:4      | Reached skill level 5 in Armour
  3108 | D:4      | Reached XP level 7. HP: 25/56 MP: 7/7
  3763 | D:4      | Found an ornate altar of the Wu Jian Council.
  3769 | D:4      | Became a worshipper of the Wu Jian Council
  3831 | D:4      | Reached skill level 5 in Dodging
  3831 | D:4      | Reached skill level 5 in Shields
  3959 | D:5      | Entered Level 5 of the Dungeon
  4128 | D:5      | Noticed Merlin's ghost (novice DsCK)
  4168 | D:5      | Killed Merlin's ghost
  4168 | D:5      | Reached skill level 5 in Long Blades
  4168 | D:5      | Reached XP level 8. HP: 46/64 MP: 8/8
  4727 | D:5      | Found an ancient bone altar of Kikubaaqudgha.
  4729 | D:5      | Found a deep blue altar of Sif Muna.
  4732 | D:5      | Found a radiant altar of Vehumet.
  4734 | D:5      | Identified Kikubaaqudgha's Catalogue of Black Magic
  4912 | D:6      | Found a staircase to the Ecumenical Temple.
  5095 | D:6      | Reached skill level 1 in Crossbows
  5204 | D:6      | Found Sen Qoo's Food Boutique.
  5423 | D:6      | Noticed n0claF's ghost (novice DrEE)
  5424 | D:6      | Found a bloodstained altar of Trog.
  5452 | D:6      | Killed n0claF's ghost
  5452 | D:6      | Reached XP level 9. HP: 70/71 MP: 9/9
  5454 | D:6      | Found an opulent altar of Gozag.
  5811 | D:7      | Found Giemec's Weapon Shoppe.
  5811 | D:7      | Found Liuddeyr's Armour Boutique.
  5951 | D:7      | Noticed lotte's ghost (novice DEIE)
  5976 | D:7      | Killed lotte's ghost
  6135 | D:7      | Reached * piety under Wu Jian
  6598 | D:7      | Bought a +0 pair of gloves of archery for 115 gold pieces
  6924 | D:8      | Reached XP level 10. HP: 78/80 MP: 10/10
  6951 | D:8      | Noticed a two-headed ogre
  6958 | D:8      | Killed a two-headed ogre
  7032 | D:8      | Found a staircase to the Lair.
  7038 | D:8      | Reached ** piety under Wu Jian
  7684 | D:9      | Found an iron altar of Okawaru.
  7727 | D:9      | Found a burning altar of Makhleb.
  7819 | D:9      | Found a staircase to the Orcish Mines.
  7959 | D:9      | Reached *** piety under Wu Jian
  8360 | D:10     | Entered Level 10 of the Dungeon
  8368 | D:10     | Noticed Maurice
  8373 | D:10     | Killed Maurice
  8403 | D:10     | Reached XP level 11. HP: 87/87 MP: 11/11
  8421 | D:10     | Reached skill level 5 in Crossbows
  8489 | D:10     | Noticed a two-headed ogre
  8496 | D:10     | Killed a two-headed ogre
  8590 | D:10     | Noticed Erolcha
  8608 | D:10     | Cast into level 2 of the Abyss (Erolcha)
  8704 | Abyss:2  | Noticed a thrashing horror
  8718 | Abyss:2  | Killed a thrashing horror
  8746 | Abyss:2  | Noticed a sixfirhy
  8834 | Abyss:2  | Noticed a large abomination
  8844 | Abyss:2  | Killed a large abomination
  8971 | Abyss:2  | Noticed a large abomination
  8975 | Abyss:2  | Noticed a Hell Sentinel
  8982 | Abyss:2  | Noticed a wretched star
  9006 | Abyss:2  | Noticed a starcursed mass
  9017 | Abyss:2  | Killed from afar by a Hell Sentinel

Skill      XL: |  1  2  3  4  5  6  7  8  9 10 11 |
---------------+----------------------------------+-----
Dodging        | 1 2 3 4 5 6 7 8 9 |  9.1
Long Blades    | 3 4 5 6 7 8 |  8.9
Fighting       | 4 5 6 7 8 |  8.8
Armour         | 4 5 6 7 8 9 |  9.2
Shields        | 4 5 6 7 8 9 |  9.3
Crossbows      | 2 3 4 5 |  5.4

Action                   |  1- 3 |  4- 6 |  7- 9 | 10-12 || total
-------------------------+-------+-------+-------+-------++-------
Melee: Long sword        |   143 |    96 |       |       ||   239
       Falchion          |       |    62 |   285 |   232 ||   579
 Fire: Hand crossbow     |       |       |    29 |    41 ||    70
Invok: Lunge             |       |       |    17 |    11 ||    28
       Wall Jump         |       |       |       |    10 ||    10
       Whirlwind         |       |       |       |     3 ||     3
       Serpent's Lash    |       |       |       |     2 ||     2
 Abil: Hop               |     1 |     2 |     6 |     3 ||    12
Evoke: Wand              |       |       |       |     5 ||     5
  Use: Scroll            |     3 |     4 |     9 |     5 ||    21
       Potion            |       |     7 |     9 |       ||    16
 Stab: Invisible         |       |       |     2 |       ||     2
       Sleeping          |       |       |       |     1 ||     1
  Eat: Chunk             |     2 |     5 |     9 |     7 ||    23
       Ration            |       |       |     2 |       ||     2
Armor: Scale mail        |    63 |    55 |    52 |    32 ||   202
Dodge: Dodged            |    49 |    40 |    80 |    54 ||   223
Block: Shield            |    76 |    65 |   106 |   111 ||   358
       Rpst.: Long sword |    10 |     4 |       |       ||    14
       Falchion          |       |     7 |    25 |    15 ||    47
